 Dungeon Crawl Stone Soup version 0.26-a0-1033-gd598b01645 (webtiles) character file.

Game seed: 10536820302823239008

280 sokol815 the Changer (level 6, -5/38 HPs)
             Began as an Octopode Transmuter on Dec 10, 2020.
             Slain by an ogre
             ... wielding a +0 giant club
              (12 damage)
             ... on level 4 of the Dungeon.
             The game lasted 00:11:07 (4248 turns).

sokol815 the Changer (Octopode Transmuter)          Turns: 4248, Time: 00:11:07

Health: -5/38      AC:  8    Str:  9    XL:     6   Next: 27%
Magic:  10/10      EV: 13    Int: 22    God:
Gold:   200        SH:  0    Dex: 14    Spells: 7/11 levels left

rFire    . . .     SeeInvis +   a - +2 dagger (protect)
rCold    . . .     Faith    .   (no shield)
rNeg     . . .     Spirit   .   (helmet restricted)
rPois    .         Reflect  .   z - amulet of the acrobat
rElec    .         Harm     .   t - ring of see invisible
rCorr    .         Rampage  .   C - +6 ring of intelligence
Will     .....                  (no ring)
Stlth    +++.......             (no ring)
HPRegen  0.12/turn              (no ring)
MPRegen  0.12/turn              (no ring)
                                (no ring)
                                (no ring)

@: protection aura
A: almost no armour, stealthy swim, amphibious, 8 rings, constrict 8, camouflage
1, gelatinous body 1
a: no special abilities


You were on level 4 of the Dungeon.
You visited 1 branch of the dungeon, and saw 4 of its levels.

You collected 200 gold pieces.

Inventory:

Hand Weapons
 a - a +2 dagger of protection (weapon)
 c - a +0 hunting sling
 d - a +0 whip
 g - a +2 vampiric dagger
 j - a +0 short sword
 m - a +0 hand axe
 n - a +0 dagger of freezing
 o - a +1 short sword of protection
 v - a +0 war axe
Missiles
 b - 3 javelins
 f - 41 bolts
 h - 135 stones (quivered ammo)
 i - 38 poisoned darts
 r - 8 sling bullets
Jewellery
 t - a ring of see invisible (left tentacle)
 z - an amulet of the acrobat (around mantle)
 B - an uncursed amulet of magic regeneration {unknown}
 C - a +6 ring of intelligence (right tentacle)
Wands
 x - a wand of acid (8)
Scrolls
 k - a scroll of magic mapping {unknown}
 p - a scroll of enchant armour {unknown}
 q - a scroll of enchant weapon {unknown}
 s - a scroll of fear {unknown}
 w - a scroll of blinking {unknown}
 y - a scroll of immolation {unknown}
 A - a scroll of teleportation {unknown}
Potions
 e - 2 potions of flight
 l - 3 potions of attraction
 u - 3 potions of haste {unknown}


   Skills:
 - Level 1.0 Fighting
 - Level 2.0 Dodging
 * Level 2.6 Stealth
 - Level 3.0 Unarmed Combat
 - Level 3.0 Spellcasting
 + Level 4.2 Transmutations
 - Level 4.0 Poison Magic


You had 7 spell levels left.
You knew the following spells:

 Your Spells              Type           Power        Failure   Level
a - Beastly Appendage     Tmut           ###...       2%          1
b - Spider Form           Tmut/Pois      ###.......   7%          3

Your spell library contained the following spells:

 Spells                   Type           Power        Failure   Level
 Wereblood                Tmut           ###.....     3%          2
 Confusing Touch          Hex            #.......     36%         3
 Gell's Gravitas          Tloc           #.........   36%         3
 Ice Form                 Ice/Tmut       ##......     45%         4
 Petrify                  Tmut/Erth      ##......     45%         4
 Blade Hands              Tmut           ###.......   52%         5
 Yara's Violent Unravell  Hex/Tmut       ##........   82%         5
 Metabolic Englaciation   Hex/Ice        #.........   98%         5


Dungeon Overview and Level Annotations

Branches:
Dungeon (4/15)
 Temple: D:4-7

Altars:
Makhleb


Innate Abilities, Weirdness & Mutations

You cannot wear most types of armour.
You are very stealthy in the water. (Stealth+)
You are amphibious.
You can wear up to eight rings at the same time.
You can use your tentacles to constrict eight enemies at once.
Your skin changes colour to match your surroundings (Stealth+).
Your rubbery body absorbs attacks. (AC +1, EV +1)


Message History

There is an open door here.
An ogre comes into view. It is wielding a +0 giant club.
You see here 14 gold pieces.
A giant cockroach comes into view.
Found a stone staircase leading up.
Found a potion of flight.
The helpless ogre fails to defend itself.
You puncture the ogre!
Your weapon exudes an aura of protection.
The ogre is heavily wounded.
The ogre misses you.
You hit the ogre.
The ogre is heavily wounded.
The ogre hits you with a +0 giant club!!
Ouch! That really hurt!
* * * LOW HITPOINT WARNING * * *
You hit the ogre.
The ogre is severely wounded.
The ogre hits you with a +0 giant club!
You die...

# #+# #+#
###.##+##.###..#
...B...........#
.......@..$)...+
###...O##..##### #....
#..##.## ..<....
#......# .!.....
#......# .......
#......+ .....##
#..#####
#########'###.########
#.....#....#....


You could see an ogre and a giant cockroach.

Vanquished Creatures
  A hound (D:4)
  An orc wizard (D:3)
  A centaur skeleton (D:2)
  An iguana (D:3)
  Terence (D:2)
  3 adders
  2 oozes (D:1)
  A worm (D:4)
  3 leopard geckos
  7 orcs (D:3)
  11 bats
  4 giant cockroaches
  13 goblins
  10 hobgoblins
  8 jackals
  5 frilled lizards
  12 kobolds
  10 rats
94 creatures vanquished.

Vanquished Creatures (others)
  A goblin (D:3)
  A bat (D:3)
2 creatures vanquished.

Grand Total: 96 creatures vanquished

Notes
Turn   | Place    | Note
-------+----------+-------------------------------------------
     0 | D:1      | sokol815 the Octopode Transmuter began the quest for the
                  | Orb.
     0 | D:1      | Reached XP level 1. HP: 13/13 MP: 3/3
   256 | D:1      | Reached XP level 2. HP: 18/18 MP: 5/5
   700 | D:1      | Reached XP level 3. HP: 18/23 MP: 6/6
  1349 | D:1      | Learned a level 3 spell: Spider Form
  1674 | D:2      | Noticed Terence
  1687 | D:2      | Killed Terence
  1688 | D:2      | Reached skill level 1 in Poison Magic
  1688 | D:2      | Reached XP level 4. HP: 15/28 MP: 7/7
  1914 | D:2      | Found a burning altar of Makhleb.
  2247 | D:2      | Reached XP level 5. HP: 27/33 MP: 9/9
  2678 | D:3      | Noticed an ogre
  3453 | D:3      | Reached skill level 1 in Stealth
  3453 | D:3      | Reached XP level 6. HP: 19/38 MP: 10/10
  4248 | D:4      | Slain by an ogre

Illustrated notes

Levels and vault maps discovered:
D:1:      dpeg_arrival_yet_another_circle, layout_loops_cross, minivault_11,
          minmay_crystal_room
D:2:      layout_loops_cross, bloody_makhleb, uniq_terence
D:3:      layout_basic, st_stairs_9, lemuel_old_faithful
D:4:      layout_gridville

Skill      XL: |  1  2  3  4  5  6 |
---------------+-------------------+-----
Transmutations | 3 4 |  4.2
Poison Magic   | 1 2 4 |  4.0
Spellcasting   | 3 |  3.0
Stealth        | 1 2 |  2.6
Fighting       | |  1.0
Dodging        | |  2.0
Unarmed Combat | |  3.0

Action                   |  1- 3 |  4- 6 || total
-------------------------+-------+-------++-------
Melee: Hand axe          |    66 |       ||    66
       Constrict         |    24 |    23 ||    47
       Tentacles         |    21 |    18 ||    39
       Punch             |     1 |     2 ||     3
       Dagger            |    25 |    93 ||   118
 Fire: Hunting sling     |       |    76 ||    76
Throw: Javelin           |     2 |       ||     2
  Use: Scroll            |       |     3 ||     3
 Stab: Sleeping          |     9 |     2 ||    11
Armor: Skin              |     8 |    24 ||    32
Dodge: Dodged            |    55 |    72 ||   127

Table legend: (Time is in decaauts)
 A = Elapsed time spent in this place.
 B = Non-inter-level travel time spent in this place.
 C = Inter-level travel time spent in this place.
 D = Time resting spent in this place.
 E = Time spent auto-exploring this place.
 F = Levels seen in this place.
 G = Mean time per level.
                   A        B        C        D        E       F      G
               +--------+--------+--------+--------+--------+-----+--------+
         Total |   4271 |   4188 |     83 |   1510 |   1925 |   4 | 1067.8 |
       Dungeon |   4271 |   4188 |     83 |   1510 |   1925 |   4 | 1067.8 |
               +--------+--------+--------+--------+--------+-----+--------+

Top non-repeatable levels by time:
     D:1: 1658 daAuts
     D:2: 1203 daAuts
     D:3: 1179 daAuts
     D:4: 229 daAuts
